 Dungeon Crawl Stone Soup version 0.23-a0-550-g7de1f8e (webtiles) character file.

1992 kr3s1m1r the Destroyer (level 9, -5/50 HPs)
             Began as a Gargoyle Wizard on Dec 9, 2018.
             Was an Initiate of Vehumet.
             Killed from afar by an orc wizard (8 damage)
             ... with a magic dart
             ... on level 6 of the Dungeon.
             The game lasted 00:14:46 (8220 turns).

kr3s1m1r the Destroyer (Gargoyle Wizard)            Turns: 8220, Time: 00:14:46

Health: -5/50      AC: 13    Str: 11    XL:     9   Next: 21%
Magic:  8/18       EV: 12    Int: 22    God:    Vehumet [......]
Gold:   261        SH:  0    Dex:  8    Spells: 10/21 levels left

rFire    . . .     SeeInvis .   e - +0 trident
rCold    . . .     Gourm    .   (no shield)
rNeg     + . .     Faith    .   a - +0 robe
rPois    ∞         Spirit   .   b - +0 hat
rElec    +         Reflect  .   f - +2 cloak {MR+}
rCorr    .         Harm     .   (no gloves)
MR       +....                  (no boots)
Stlth    +.........             (no amulet)
HPRegen  0.16/turn              m - ring of attention (curse)
MPRegen  0.16/turn              (no ring)

@: no status effects
A: antennae 1, claws 1, yellow scales 1, negative energy resistance 1,
electricity resistance, unbreathing, petrification resistance, rot immunity,
MP-powered wands, AC +6
a: Renounce Religion


You were on level 6 of the Dungeon.
You worshipped Vehumet.
Vehumet was noncommittal.
You were not hungry.

You visited 2 branches of the dungeon, and saw 7 of its levels.

You collected 261 gold pieces.

Inventory:

Hand Weapons
 e - a +0 trident (weapon)
 g - a +0 whip
 l - a +0 falchion
 A - a +1 whip of freezing
Missiles
 c - 158 stones (quivered)
 k - 20 poisoned needles
Armour
 a - a +0 robe (worn)
 b - a +0 hat (worn)
 f - a +2 cloak of magic resistance (worn)
Jewellery
 h - an uncursed ring of ice
 m - a cursed ring of attention (left claw)
Wands
 n - a wand of paralysis (3)
 y - a wand of iceblast (9)
Scrolls
 i - 2 scrolls of remove curse {unknown}
 q - 5 scrolls of identify
 r - 2 scrolls of amnesia {unknown}
 t - a scroll of fog
 u - a scroll of magic mapping {unknown}
Potions
 j - a potion of curing {unknown}
 o - 3 potions of brilliance {unknown}
 s - a potion of agility {unknown}
 v - a potion of lignification {unknown}
 w - a potion of degeneration {unknown}
 x - 2 potions of might {unknown}
 z - a potion of ambrosia {unknown}
 B - a potion of haste {unknown}
Comestibles
 d - 8 rations


   Skills:
 + Level 3.1 Fighting
 - Level 1.5 Dodging
 - Level 2.1 Stealth
 + Level 6.5 Spellcasting
 + Level 9.1 Conjurations
 - Level 0.8 Summonings
 - Level 0.8 Translocations
 - Level 2.0 Fire Magic
 - Level 2.0 Air Magic
 - Level 2.1 Poison Magic


You had 10 spell levels left.
You knew the following spells:

 Your Spells              Type           Power        Failure   Level  Hunger
h - Call Imp              Summ           ##......     10%         2    None
q - Blink                 Tloc           N/A          10%         2    None
r - Conjure Flame         Conj/Fire      ####....     2%          3    #......
t - Mephitic Cloud        Conj/Pois/Air  ####....     4%          3    #......
z - Magic Dart            Conj           ####         1%          1    None

Your spell library contained the following spells:

 Spells                   Type           Power        Failure   Level  Hunger
 Slow                     Hex            #.......     13%         2    None


Dungeon Overview and Level Annotations

Branches:
Dungeon (6/15)             Temple (1/1) D:6

Altars:
Ashenzari
Cheibriados
Fedhas
Gozag
Kikubaaqudgha
Makhleb
Nemelex Xobeh
Ru
Trog
Vehumet
Xom
Yredelemnul
Zin
The Shining One

Annotations:
D:6 Eustachio


Innate Abilities, Weirdness & Mutations

You are resistant to torment.
Your stone body is resilient. (AC +6)
You are immune to poison.
You resist negative energy. (rN+)
You are resistant to electric shocks. (rElec)
You can survive without breathing.
You are immune to petrification.
You are immune to rotting.
You have a pair of small antennae on your head.
You have sharp fingernails.
You are partially covered in yellow scales. (AC +2)
You expend magic power (3 MP) to strengthen your wands.


Message History

The orc wizard casts a spell at you. The magic dart hits you!
You puncture the orc!
The orc explodes!
The fiery explosion engulfs the bat.
You kill the bat!
The bat's corpse disappears in a puff of smoke!
The fiery explosion engulfs you! Vehumet accepts your kill.
You are engulfed in blazing flames.
* * * LOW HITPOINT WARNING * * *
Eustachio growls, "To hell with you, honourless miscreant!"
Unknown command.
Okay, then.
Casting: Mephitic Cloud (safe; 4% risk of failure)
Confirm with . or Enter, or press ? or * to list all spells.
You blink.
The orc wizard points at you and mumbles some strange words.
The magic dart hits you!
You die...

#....# #####....## ###
#......... ##..##
#......... .....#
#......... .....#
#####.....55.. #...#
#.........#5#####...###
#.....@...#....#.......
#........{#.r..'.......
#.......oo#@§§.##.....#
##########§§)§.##.....#
#.§§§b##.....#
########.....# #......#
#####'## #.......


You could see an orc wizard (inner flame), a white imp, a shadow imp and an orc.

Vanquished Creatures
  Pikel (D:5)
  An orc warrior (D:6)
  An ice beast (D:5)
  4 phantoms
  A centaur (D:6)
  2 bullfrogs (D:6)
  A scorpion (D:4)
  2 crimson imps
  A hound (D:4)
  2 jellies (D:5)
  Crazy Yiuf (D:2)
  3 orc priests
  2 orc wizards
  A centaur skeleton (D:4)
  Jessica (D:2)
  2 iguanas
  4 worker ants
  A hound zombie (D:4)
  2 hound skeletons
  Robin (D:2)
  6 adders
  An ooze (D:2)
  2 adder skeletons (D:5)
  An adder zombie (D:1)
  2 worms
  3 dart slugs
  3 leopard geckos
  32 orcs
  6 giant cockroaches
  18 goblins
  6 hobgoblins
  7 jackals
  7 kobolds
  3 quokkas
  9 bats
  7 frilled lizards
  A leopard gecko zombie (D:1)
  8 rats
156 creatures vanquished.

Vanquished Creatures (collateral kills)
  A bat (D:1)
1 creature vanquished.

Vanquished Creatures (others)
  A bullfrog zombie (D:5)
  An iguana (D:5)
  A worker ant (D:5)
  A frilled lizard (D:5)
4 creatures vanquished.

Grand Total: 161 creatures vanquished

Notes
Turn   | Place    | Note
-------+----------+-------------------------------------------
     0 | D:1      | kr3s1m1r the Gargoyle Wizard began the quest for the Orb.
     0 | D:1      | Reached XP level 1. HP: 10/10 MP: 4/4
   127 | D:1      | Found a snail-covered altar of Cheibriados.
   300 | D:1      | Reached XP level 2. HP: 15/15 MP: 4/6
   334 | D:1      | Learned a level 2 spell: Call Imp
   358 | D:1      | Reached skill level 2 in Conjurations
   873 | D:1      | Reached XP level 3. HP: 19/19 MP: 4/7
   881 | D:1      | Learned a level 3 spell: Conjure Flame
  1317 | D:2      | Found a runed door.
  1492 | D:2      | Found a shattered altar of Ashenzari.
  1508 | D:2      | Reached skill level 3 in Conjurations
  1513 | D:2      | Gained mutation: You have sharp fingernails. [potion of
                  | mutation]
  1513 | D:2      | Gained mutation: You expend magic power (3 MP) to
                  | strengthen your wands. [potion of mutation]
  1513 | D:2      | Gained mutation: You have a pair of small antennae on your
                  | head. [potion of mutation]
  1513 | D:2      | Gained mutation: You are partially covered in yellow
                  | scales. (AC +2) [potion of mutation]
  1747 | D:2      | Reached XP level 4. HP: 24/24 MP: 0/9
  1850 | D:2      | Noticed Jessica
  1859 | D:2      | Killed Jessica
  1859 | D:2      | Reached skill level 1 in Fire Magic
  1865 | D:2      | Learned a level 3 spell: Mephitic Cloud
  1953 | D:2      | Noticed Robin
  1970 | D:2      | Killed Robin
  2183 | D:2      | Reached XP level 5. HP: 23/28 MP: 1/10
  2585 | D:2      | Noticed Crazy Yiuf
  2595 | D:2      | Killed Crazy Yiuf
  2871 | D:3      | Reached skill level 4 in Conjurations
  3187 | D:3      | Reached skill level 1 in Air Magic
  3187 | D:3      | Reached skill level 1 in Poison Magic
  3462 | D:3      | Found a glowing golden altar of the Shining One.
  3526 | D:3      | Reached XP level 6. HP: 32/32 MP: 9/11
  3530 | D:3      | Learned a level 2 spell: Blink
  3737 | D:3      | Found an ancient bone altar of Kikubaaqudgha.
  4114 | D:4      | Found a glowing silver altar of Zin.
  4233 | D:4      | Found a blossoming altar of Fedhas.
  4243 | D:4      | Noticed a phantom
  4243 | D:4      | Noticed a phantom
  4306 | D:5      | Entered Level 5 of the Dungeon
  4307 | D:5      | Noticed an ice beast
  4954 | D:4      | Killed a phantom
  4954 | D:4      | Reached skill level 5 in Conjurations
  4954 | D:4      | Reached XP level 7. HP: 28/36 MP: 0/13
  5300 | D:4      | Reached skill level 6 in Conjurations
  6334 | D:5      | Found a shimmering altar of Xom.
  6334 | D:5      | Found a shimmering altar of Xom.
  6334 | D:5      | Found a shimmering altar of Xom.
  6335 | D:5      | Found a shimmering altar of Xom.
  6336 | D:5      | Found a shimmering altar of Xom.
  6400 | D:5      | Noticed Pikel
  6420 | D:5      | Killed Pikel
  6420 | D:5      | Reached skill level 5 in Spellcasting
  6420 | D:5      | Reached skill level 7 in Conjurations
  6420 | D:5      | Reached XP level 8. HP: 27/41 MP: 3/16
  6579 | D:5      | Reached skill level 8 in Conjurations
  6734 | D:5      | Found a snail-covered altar of Cheibriados.
  6757 | D:5      | Found an opulent altar of Gozag.
  6758 | D:5      | Found a sparkling altar of Nemelex Xobeh.
  7453 | D:6      | Reached skill level 1 in Fighting
  7606 | D:5      | Reached XP level 9. HP: 30/49 MP: 8/18
  7796 | D:6      | Reached skill level 9 in Conjurations
  7924 | D:6      | Found a staircase to the Ecumenical Temple.
  8006 | Temple   | Entered the Ecumenical Temple
  8023 | Temple   | Became a worshipper of Vehumet
  8215 | D:6      | Noticed Eustachio
  8220 | D:6      | Killed from afar by an orc wizard

Vault maps used:
D:1:      saegor_arrival_fortress, cheibriados_altar_1
D:2:      evilmike_ruin_ashenzari, uniq_jessica, uniq_robin,
          uniq_crazy_yiuf_cottage
D:3:      lemuel_crystal_altar, nicolae_tso_swordbearing_angel
D:4:      lemuel_doored_altar, zin_treasury
D:5:      grunt_temple_overflow_opulence, xom_redecorated, marbit_many_paths,
          first_ration, uniq_pikel
D:6:      minmay_temple_entry_sparse_star, uniq_eustachio
Temple:   zaba_magenta_temple

Skill      XL: |  1  2  3  4  5  6  7  8  9 |
---------------+----------------------------+-----
Conjurations   | 2 3 4 5 7 8 9 |  9.1
Fire Magic     | 1 2 |  2.0
Air Magic      | 1 2 |  2.0
Poison Magic   | 1 2 |  2.1
Spellcasting   | 4 5 6 |  6.5
Fighting       | 2 3 |  3.1
Dodging        | |  1.5
Stealth        | |  2.1
Summonings     | |  0.8
Translocations | |  0.8

Action                   |  1- 3 |  4- 6 |  7- 9 || total
-------------------------+-------+-------+-------++-------
Melee: Unarmed           |     7 |       |       ||     7
       Falchion          |    10 |    28 |       ||    38
       Trident           |       |    48 |    80 ||   128
       Whip              |       |       |    32 ||    32
Throw: Stone             |    13 |       |       ||    13
 Cast: Magic Dart        |    77 |   177 |   178 ||   432
       Call Imp          |     1 |       |       ||     1
       Conjure Flame     |     1 |     3 |     4 ||     8
       Mephitic Cloud    |       |     1 |     9 ||    10
       Blink             |       |       |     3 ||     3
Evoke: Wand              |       |     5 |       ||     5
  Use: Scroll            |     2 |       |     1 ||     3
       Potion            |     1 |       |       ||     1
 Stab: Paralysed         |       |     7 |       ||     7
       Confused          |       |     1 |     2 ||     3
  Eat: Chunk             |     3 |     9 |    11 ||    23
Armor: Robe              |    13 |    47 |    76 ||   136
Dodge: Dodged            |    25 |    64 |   112 ||   201
       Rpst.: Falchion   |     2 |     2 |       ||     4

Table legend:
 A = Non-vault XP
 B = Vault XP
 C = Vault XP percentage of total XP
 D = Non-vault monster count
 E = Vault monster count
 F = Vault count percentage of total count
                 A         B        C        D         E       F
            +---------+---------+-------+---------+---------+-------
      Total |    2166 |     681 |  23.9 |     141 |      16 |  10.2
            +---------+---------+-------+---------+---------+-------
        D:1 |      32 |       6 |  15.8 |      18 |       2 |  10.0
        D:2 |      77 |     113 |  59.5 |      22 |      13 |  37.1
        D:3 |     157 |       0 |   0.0 |      38 |       0 |   0.0
        D:4 |     668 |       0 |   0.0 |      24 |       0 |   0.0
        D:5 |     541 |     562 |  51.0 |      23 |       1 |   4.2
        D:6 |     691 |       0 |   0.0 |      16 |       0 |   0.0
            +---------+---------+-------+---------+---------+-------
